 Dungeon Crawl Stone Soup version 0.17.2-1-ge4368a0 (webtiles) character file.

52 Goblin1989 the Insei (level 3, 0/17 HPs)
             Began as a Spriggan Transmuter on July 31, 2017.
             Succumbed to an adder's poison
             ... on level 2 of the Dungeon.
             The game lasted 00:06:55 (2153 turns).

Goblin1989 the Insei (Spriggan Transmuter)          Turns: 2153, Time: 00:06:55

Health: 0/17       AC:  2    Str:  6    XL:     3   Next: 60%
Magic:  8/8        EV: 24    Int: 15    God:
Gold:   23         SH:  0    Dex: 21    Spells: 2 memorised, 4 levels left

rFire  + . .     SeeInvis +       - Unarmed
rCold  + . .     Clarity  .     b - +0 robe
rNeg   . . .     SustAt   .     (shield restricted)
rPois  +         Gourm    .     (helmet restricted)
rElec  +         Spirit   .     (no cloak)
rCorr  +         Warding  .     (gloves unavailable)
rMut   .         Stasis   .     (boots unavailable)
MR     .....                    (no amulet)
Stlth  +++.......               (no ring)
                                (no ring)

@: agile, lethally poisoned (0 -> -3), appendage (expiring), resistant, very
quick, not resistant to hostile enchantments, fairly stealthy
A: unfitting armour, horns 2, see invisible, herbivore 3, speed 3, slow
metabolism 2
a: End Transformation


You were on level 2 of the Dungeon.
You were not hungry.
You had grown temporary horns.
You visited 1 branch of the dungeon, and saw 2 of its levels.

You collected 23 gold pieces.

Inventory:

Missiles
 a - 10 arrows
Armour
 b - a +0 robe (worn)
Scrolls
 f - 3 scrolls of identify {unknown}
 i - a scroll of blinking {unknown}
 j - a scroll of fog {unknown}
 k - a scroll of remove curse {unknown}
 l - a scroll of enchant weapon {unknown}
Books
 c - a book of Changes

   Spells                             Type                      Level
   a - Beastly Appendage              Transmutation                1
   b - Sticks to Snakes               Transmutation                2
   c - Spider Form                    Transmutation/Poison         3
   d - Ice Form                       Ice/Transmutation            4
   e - Blade Hands                    Transmutation                5
Comestibles
 e - 3 bread rations {@e1}
 g - 2 royal jellies


   Skills:
 + Level 0.8 Fighting
 + Level 3.1 Dodging
 * Level 3.4 Unarmed Combat
 - Level 2.6 Spellcasting
 + Level 3.4 Transmutations


You had 4 spell levels left.
You knew the following spells:

 Your Spells              Type           Power        Failure   Level  Hunger
a - Beastly Appendage     Trmt           ##....       6%          1    #......
b - Sticks to Snakes      Trmt           ##........   10%         2    ##.....


Dungeon Overview and Level Annotations

Branches:
Dungeon (2/15)

Altars:


Innate Abilities, Weirdness & Mutations

You are tiny and cannot use many weapons and most armour.
You have supernaturally acute eyesight.
You are a herbivore.
You cover ground extremely quickly.
You need consume almost no food.
You have a pair of horns on your head.


Message History

You hit the worm. Your kick misses the worm.
The worm is lightly wounded.
You hit the worm but do no damage.
The worm is lightly wounded.
The worm completely misses you.
You barely miss the worm. The worm bites you!
You take 8 damage, and have 9/17 hp.
MASSIVE DAMAGE!!
You hit the worm. You claw the worm.
The worm is moderately wounded.
You hit the worm. You claw the worm.
The worm is severely wounded.
The worm barely misses you.
You hit the worm but do no damage. You claw the worm.
The worm is almost dead.
You punch the worm!
You kill the worm!
MP restored: 8 You start resting.
Your transformation is almost over.
You start resting.
Your talons disappear.
You start resting.
HP restored.
Health restored: 17
Okay, then.
An adder comes into view.
Unknown command.
Casting: Beastly Appendage
Confirm with . or Enter, or press ? or * to list all spells.
You grow a pair of large bovine horns.
You now have 7/8 mp.
You closely miss the adder. You headbutt the adder.
Your punch misses the adder.
The adder is heavily wounded.
The adder closely misses you. x2
You barely miss the adder.
The adder is heavily wounded.
The adder bites you.
You are poisoned.
The adder poisons you!
You take 4 damage, and have 13/17 hp.
MASSIVE DAMAGE!!
You barely miss the adder. Your headbutt misses the adder.
The adder is moderately wounded.
You feel sick. The adder closely misses you.
You take 1 damage, and have 12/17 hp.
You punch the adder!
The adder is almost dead.
The adder barely misses you.
You barely miss the adder.
The adder is almost dead.
You feel sick. The adder barely misses you. The adder misses you.
You take 1 damage, and have 11/17 hp.
You hit the adder.
You headbutt the adder, but do no damage.
The adder is almost dead.
The adder bites you.
* * * LOW HITPOINT WARNING * * *
You are lethally poisoned!
The adder poisons you!
You take 4 damage, and have 7/17 hp.
MASSIVE DAMAGE!!
You hit the adder but do no damage.
The adder is almost dead.
* * * LOW HITPOINT WARNING * * *
You feel sick. The adder closely misses you.
You take 1 damage, and have 6/17 hp.
MP restored: 8 You completely miss the adder.
The adder is almost dead.
* * * LOW HITPOINT WARNING * * *
You feel sick. The adder barely misses you.
You take 1 damage, and have 5/17 hp.
Unknown command.
You hit the adder.
You kill the adder!
Unknown command.
Drink which item? (? for menu, Esc to quit)
It was a potion of agility.
You feel agile all of a sudden.
* * * LOW HITPOINT WARNING * * *
You feel sick.
You take 1 damage, and have 4/17 hp.
Drink which item? (? for menu, Esc to quit)
It was a potion of resistance.
You feel protected.
* * * LOW HITPOINT WARNING * * *
You feel sick.
You see here an adder corpse.
You take 1 damage, and have 3/17 hp.
Your transformation is almost over.
* * * LOW HITPOINT WARNING * * *
You feel sick.
You take 1 damage, and have 2/17 hp.
* * * LOW HITPOINT WARNING * * *
You feel sick.
You take 1 damage, and have 1/17 hp.
A worm comes into view.
The helpless worm fails to defend itself.
You hit the worm. You headbutt the worm!
The worm is severely wounded.
You die...

.█.█.█.█ .......$
.......█
█.█.█.█.█.█.█....█
.................█
.█.█.█.█.█.█.....█
.................█
)...>............█
.......$.......w.█
...........$....@█████
...........$.........█
.......█████████████.█
.......█ █.....█ █.█
.......█ █.███.█ █.█
....(..█ █.█ █.█ █.█
.█∆█.███████.█ █†███.█
.....█.......█ █.....█
<█.███.███████


███████ You could see a worm.

Vanquished Creatures
  An adder (D:2)
  A worm (D:2)
  2 giant geckos (D:1)
  3 goblins (D:1)
  5 hobgoblins (D:1)
  7 kobolds
  3 bats
  2 giant newts (D:1)
  3 rats (D:1)
27 creatures vanquished.

Vanquished Creatures (collateral kills)
  A gnoll (D:1)
  A goblin (D:1)
2 creatures vanquished.

Grand Total: 29 creatures vanquished

Notes
Turn   | Place    | Note
--------------------------------------------------------------
     0 | D:1      | Goblin1989 the Spriggan Transmuter began the quest for the Orb.
     0 | D:1      | Reached XP level 1. HP: 9/9 MP: 5/5
   860 | D:1      | Reached XP level 2. HP: 10/14 MP: 4/6
   864 | D:1      | Learned a level 2 spell: Sticks to Snakes
  1303 | D:1      | Reached XP level 3. HP: 15/17 MP: 1/8
  2153 | D:2      | Succumbed to an adder's poison

Action                   || total
-------------------------++-------
Melee: Unarmed           ||   118
 Cast: Beastly Appendage ||    19
       Sticks to Snakes  ||     2
  Use: Potion            ||     2
 Stab: Sleeping          ||     2

Vault maps used:
D:1:      elethiomel_arrival_quiet
D:2:      first_bread, hex_large
